[ AOE2 MATCH · #506232410 ]
UnrankedMongols vs Malians
Player's team · WIN
Rival team · LOSS
[ REPLAY ANALYSIS · EXTRACTED FROM THE RECORDED GAME ]
Feudal
14:39
Castle
—
Imperial
—
| APM avg | 63.5 |
| APM peak | 93 |
| eAPM avg | 23.0 |
| Villagers / military | 40 / 19 |
Focus
⚔️ 30.4% · 🌾 69.6%
Archer ×13 · Skirmisher ×3 · Scout Cavalry ×3
Feudal
9:37
Castle
—
Imperial
—
| APM avg | 74.1 |
| APM peak | 100 |
| eAPM avg | 21.9 |
| Villagers / military | 44 / 19 |
Focus
⚔️ 17.1% · 🌾 82.9%
Archer ×10 · Skirmisher ×9
Match map
Initial resources + every placement click. Lines = walls · curves = elevation contours. ◆ gold · ⬟ stone · ● berries · ✦ relic · ◌ wall gap
Your base· Open — unwalled flank
uel's base· Open — unwalled flank
Smoothed initial terrain · ◌ = detected wall gap · hover for details
Inputs per minute
— Guthrie_Govan - - uel
Build order — Guthrie_Govan
118 actions detected in the replay
| 0:00 | Create | Villager (Male) |
| 0:00 | Create | Villager (Male) |
| 0:00 | Create | Villager (Male) |
| 0:01 | Create | Villager (Male) |
| 0:02 | Build | House |
| 0:03 | Build | House |
| 1:26 | Create | Villager (Male) |
| 1:51 | Create | Villager (Male) |
| 2:16 | Build | Lumber Camp |
| 2:27 | Create | Villager (Male) |
| 2:55 | Create | Villager (Male) |
| 2:56 | Create | Villager (Male) |
| 3:26 | Create | Villager (Male) |
| 3:26 | Create | Villager (Male) |
| 3:44 | Build | House |
| 3:49 | Build | House |
| 3:55 | Build | Palisade Wall |
| 4:07 | Create | Villager (Male) |
| 4:38 | Create | Villager (Male) |
| 4:39 | Create | Villager (Male) |
| 4:39 | Create | Villager (Male) |
| 5:24 | Build | Mill |
| 5:39 | Create | Villager (Male) |
| 5:48 | Research | Loom |
| 5:48 | Research | Loom |
| 6:17 | Create | Villager (Male) |
| 6:48 | Build | Town Center |
| 6:54 | Build | Palisade Wall |
| 6:58 | Build | Palisade Wall |
| 7:07 | Build | Palisade Gate |
| 7:47 | Create | Villager (Male) |
| 7:47 | Create | Villager (Male) |
| 7:47 | Create | Villager (Male) |
| 7:48 | Create | Villager (Male) |
| 9:00 | Create | Villager (Male) |
| 9:00 | Create | Villager (Male) |
| 9:24 | Create | Villager (Male) |
| 9:24 | Create | Villager (Male) |
| 10:07 | Build | House |
| 10:12 | Build | House |
| 10:34 | Create | Villager (Male) |
| 10:37 | Build | House |
| 11:47 | Build | Mining Camp |
| 11:51 | Build | Mill |
| 12:11 | Build | Barracks |
| 12:29 | Research | Feudal Age |
| 13:20 | Build | Mining Camp |
| 14:39 | Age | Feudal Age |
| 14:48 | Build | Watch Tower |
| 14:55 | Build | Archery Range |
| 14:56 | Create | Villager (Male) |
| 15:09 | Build | Blacksmith |
| 15:34 | Build | Watch Tower |
| 15:37 | Create | Villager (Male) |
| 15:56 | Research | Fletching |
| 15:56 | Research | Fletching |
| 15:56 | Research | Fletching |
| 15:57 | Create | Skirmisher |
| 15:58 | Create | Skirmisher |
| 16:03 | Build | House |
| 16:27 | Build | Watch Tower |
| 16:33 | Build | Gate |
| 16:42 | Create | Skirmisher |
| 16:45 | Build | Farm |
| 16:46 | Build | Farm |
| 16:57 | Build | Watch Tower |
| 16:58 | Build | Palisade Wall |
| 16:59 | Build | Palisade Wall |
| 17:00 | Build | Palisade Wall |
| 17:01 | Build | Palisade Wall |
| 17:14 | Build | Farm |
| 17:15 | Build | Farm |
| 17:16 | Build | Farm |
| 17:22 | Create | Archer |
| 17:22 | Create | Archer |
| 18:16 | Create | Archer |
| 18:33 | Create | Villager (Male) |
| 18:49 | Create | Archer |
| 18:50 | Create | Archer |
| 18:50 | Create | Villager (Male) |
| 19:17 | Create | Archer |
| 19:37 | Build | Mining Camp |
| 19:40 | Create | Archer |
| 19:55 | Create | Villager (Male) |
| 19:58 | Build | Watch Tower |
| 20:03 | Create | Archer |
| 20:13 | Create | Villager (Male) |
| 21:00 | Create | Villager (Male) |
| 21:07 | Build | Lumber Camp |
| 21:11 | Create | Archer |
| 21:11 | Create | Archer |
| 21:12 | Create | Villager (Male) |
| 21:39 | Build | Watch Tower |
| 21:46 | Create | Villager (Male) |
| 21:56 | Create | Archer |
| 22:03 | Build | Watch Tower |
| 22:11 | Build | Farm |
| 22:12 | Create | Villager (Male) |
| 22:19 | Build | Palisade Wall |
| 22:21 | Build | Palisade Wall |
| 22:26 | Create | Villager (Male) |
| 23:07 | Create | Villager (Male) |
| 23:18 | Build | Farm |
| 23:20 | Build | Farm |
| 23:23 | Build | Stable |
| 23:41 | Create | Villager (Male) |
| 24:02 | Build | Watch Tower |
| 24:13 | Create | Villager (Male) |
| 24:24 | Build | House |
| 24:25 | Build | House |
| 24:25 | Build | House |
| 24:32 | Build | House |
| 24:40 | Create | Archer |
| 24:40 | Create | Archer |
| 24:47 | Create | Scout Cavalry |
| 24:48 | Create | Scout Cavalry |
| 24:48 | Create | Scout Cavalry |
| 25:01 | Build | Watch Tower |
Build order — uel
116 actions detected in the replay
| 0:01 | Create | Villager (Male) |
| 0:01 | Create | Villager (Male) |
| 0:02 | Build | House |
| 0:04 | Build | House |
| 0:13 | Create | Villager (Male) |
| 0:13 | Create | Villager (Male) |
| 1:30 | Create | Villager (Male) |
| 1:30 | Create | Villager (Male) |
| 1:55 | Build | Lumber Camp |
| 2:03 | Create | Villager (Male) |
| 2:04 | Create | Villager (Male) |
| 2:22 | Create | Villager (Male) |
| 2:53 | Create | Villager (Male) |
| 2:53 | Create | Villager (Male) |
| 3:12 | Create | Villager (Male) |
| 3:27 | Build | House |
| 3:32 | Create | Villager (Male) |
| 3:54 | Build | Mill |
| 4:01 | Create | Villager (Male) |
| 4:21 | Create | Villager (Male) |
| 4:50 | Create | Villager (Male) |
| 5:12 | Create | Villager (Male) |
| 5:30 | Create | Villager (Male) |
| 5:33 | Build | Palisade Wall |
| 5:34 | Build | Palisade Wall |
| 5:49 | Create | Villager (Male) |
| 5:54 | Build | House |
| 6:03 | Research | Loom |
| 6:17 | Build | Barracks |
| 7:27 | Research | Feudal Age |
| 7:28 | Research | Feudal Age |
| 8:38 | Build | Lumber Camp |
| 9:08 | Create | Villager (Male) |
| 9:37 | Age | Feudal Age |
| 9:52 | Build | Archery Range |
| 10:02 | Create | Villager (Male) |
| 10:40 | Create | Archer |
| 10:44 | Build | House |
| 10:56 | Build | House |
| 11:31 | Build | Town Center |
| 11:35 | Build | Town Center |
| 13:02 | Create | Villager (Male) |
| 13:02 | Create | Villager (Male) |
| 13:08 | Create | Villager (Male) |
| 13:10 | Create | Villager (Male) |
| 13:24 | Create | Archer |
| 13:28 | Create | Villager (Male) |
| 13:43 | Create | Villager (Male) |
| 13:49 | Research | Double-Bit Axe |
| 13:49 | Research | Double-Bit Axe |
| 13:53 | Create | Archer |
| 14:03 | Create | Villager (Male) |
| 14:17 | Create | Archer |
| 14:54 | Create | Archer |
| 15:28 | Create | Archer |
| 15:33 | Build | Blacksmith |
| 16:08 | Create | Villager (Male) |
| 16:10 | Build | House |
| 16:12 | Create | Archer |
| 16:17 | Research | Fletching |
| 16:17 | Research | Fletching |
| 16:50 | Create | Villager (Male) |
| 17:05 | Build | Mining Camp |
| 17:09 | Create | Villager (Male) |
| 17:15 | Create | Villager (Male) |
| 17:24 | Create | Villager (Male) |
| 17:26 | Build | Mill |
| 17:27 | Build | Farm |
| 17:27 | Build | Farm |
| 17:27 | Build | Farm |
| 17:27 | Build | Farm |
| 17:28 | Build | Farm |
| 17:37 | Create | Archer |
| 18:03 | Create | Villager (Male) |
| 18:13 | Build | House |
| 18:31 | Build | House |
| 18:42 | Create | Villager (Male) |
| 18:42 | Create | Villager (Male) |
| 18:57 | Build | Lumber Camp |
| 18:58 | Create | Villager (Male) |
| 19:05 | Create | Skirmisher |
| 19:29 | Create | Villager (Male) |
| 19:37 | Create | Archer |
| 19:39 | Create | Skirmisher |
| 19:48 | Build | House |
| 20:14 | Build | Farm |
| 20:16 | Build | Farm |
| 20:17 | Build | Farm |
| 20:18 | Build | Farm |
| 20:35 | Create | Skirmisher |
| 20:36 | Create | Skirmisher |
| 21:11 | Create | Skirmisher |
| 21:19 | Build | Farm |
| 21:21 | Build | Farm |
| 21:33 | Create | Skirmisher |
| 21:34 | Create | Skirmisher |
| 21:53 | Build | House |
| 22:07 | Create | Archer |
| 22:29 | Create | Villager (Male) |
| 22:32 | Create | Villager (Male) |
| 22:41 | Create | Skirmisher |
| 22:44 | Create | Skirmisher |
| 23:00 | Build | Palisade Wall |
| 23:08 | Build | Farm |
| 23:18 | Build | Farm |
| 23:27 | Build | Farm |
| 23:28 | Create | Villager (Male) |
| 23:50 | Build | Mining Camp |
| 23:55 | Build | Palisade Wall |
| 24:11 | Create | Villager (Male) |
| 24:12 | Create | Villager (Male) |
| 24:24 | Build | Farm |
| 24:49 | Create | Villager (Male) |
| 24:56 | Build | Watch Tower |
| 25:18 | Build | Farm |
| 25:20 | Build | Farm |
Match timeline
| 3:55 | Guthrie_Govan · wall_segment Palisade Wall x1 |
| 5:33 | uel · wall_segment Palisade Wall x1 |
| 5:34 | uel · wall_segment Palisade Wall x1 |
| 6:17 | uel · first_building Barracks |
| 6:54 | Guthrie_Govan · wall_segment Palisade Wall x1 |
| 6:58 | Guthrie_Govan · wall_segment Palisade Wall x1 |
| 9:37 | uel · age_up feudal |
| 9:52 | uel · first_building Archery Range |
| 12:11 | Guthrie_Govan · first_building Barracks |
| 14:39 | Guthrie_Govan · age_up feudal |
| 14:55 | Guthrie_Govan · first_building Archery Range |
| 16:58 | Guthrie_Govan · wall_segment Palisade Wall x1 |
| 16:59 | Guthrie_Govan · wall_segment Palisade Wall x1 |
| 17:00 | Guthrie_Govan · wall_segment Palisade Wall x1 |
| 17:01 | Guthrie_Govan · wall_segment Palisade Wall x1 |
| 22:19 | Guthrie_Govan · wall_segment Palisade Wall x1 |
| 22:21 | Guthrie_Govan · wall_segment Palisade Wall x1 |
| 23:00 | uel · wall_segment Palisade Wall x1 |
| 23:23 | Guthrie_Govan · first_building Stable |
| 23:55 | uel · wall_segment Palisade Wall x16 |
| 25:57 | uel · resign |
[ AI ANALYSIS · 1 CREDIT ]
What really happened in this match?
Wolo.gg analyzes every decision: build order, eco, micro, common mistakes by bracket. Personalized analysis on WhatsApp or Discord in 30 seconds.
Civ guide
Mongols
Perfil
Jugador #4224302